 Dungeon Crawl Stone Soup version 0.31-a0-851-g7ff8af7976 (webtiles) character file.

Game seed: 17958328221939815301

2 Psyclone the Changeling (level 1, -2/9 HPs)
             Began as a Draconian Shapeshifter on Oct 5, 2023.
             Succumbed to a kobold's poison
             ... on level 1 of the Dungeon.
             The game lasted 00:01:18 (44 turns).

Psyclone the Changeling (Draconian Shapeshifter)      Turns: 44, Time: 00:01:18

Health: -2/9       AC:  4    Str: 16    XL:     1   Next: 25%
Magic:  1/1        EV: 12    Int: 10    God:
Gold:   0          SH:  0    Dex: 10    Spells: 0/0 levels left

rFire   . .          .
                       - Unarmed
rCold   . . .        (shield currently unavailable)
rNeg    . . .        (body armour unavailable)
rPois   .            (helmet restricted)
rElec   .            (no cloak)
rCorr   .            (no gloves)
SInv    .            (no boots)
Will    .....        (no amulet)
Stlth   +            (no ring)
HPRegen 0.21/turn    (no ring)
MPRegen 0.07/turn

%: no passive effects
@: lethally poisoned (-2 -> -22), flux-form, glowing
A: glow, contaminating, reduced hp, AC +4, unfitting armour, cold-blooded
a: Begin Untransformation


You were on level 1 of the Dungeon.
You were something dangerously unstable.
You visited 1 branch of the dungeon, and saw 1 of its levels.

Inventory:

Talismans
 b - a beast talisman
 c - a flux talisman (active)
Potions
 a - a potion of lignification


   Skills:
 - Level 1.1 Fighting
 - Level 1.7 Dodging
 - Level 3.0 Unarmed Combat
 + Level 3.1 Shapeshifting


You couldn't memorise any spells.
You didn't know any spells.
Your spell library was empty.

Dungeon Overview and Level Annotations

Branches:
Dungeon (1/15) Zot: 5956

Altars:


Innate Abilities, Weirdness & Mutations

You are something dangerously unstable.
You glow with magical radiation, making you easy to see and hit.
Foes you strike become dangerously contaminated with magical radiation.
Your maximum health is decreased, since you lack skill for your form.
You are incapable of wielding weapons or throwing items.
Your plain brown scales are hard. (AC +4)
You cannot fit into any form of body armour.
You are cold-blooded and may be slowed by cold attacks.


Message History

You begin transforming.
You continue transforming. x3
Your transformation has ended.
You turn into something dangerously unstable.
HP restored.
You take 7 damage, and have 9/9 hp.
MASSIVE DAMAGE!!
The rat barely misses you.
You hit the rat.
You kill the rat!
You see here a rat corpse.
A goblin comes into view. It is wielding a +0 dagger.
The goblin shouts!
A bat comes into view.
You closely miss the bat. The bat barely misses you.
The bat closely misses you.
A kobold comes into view. It is wielding a +0 whip of venom.
The kobold shouts!
The bat hits you but does no damage.
You hit the goblin but do no damage.
The goblin begins to glow.
The goblin closely misses you. The bat hits you but does no damage.
You hit the goblin.
The goblin glows dangerously bright.
The goblin is moderately wounded.
The bat hits you but does no damage. The goblin closely misses you.
You hit the goblin.
The goblin shudders as magic cascades through it!
You kill the goblin!
The bat barely misses you.
A goblin comes into view. It is wielding a +0 dagger.
You barely miss the kobold.
Your tail-slap misses the kobold.
The bat hits you but does no damage. The kobold hits you but does no damage.
You are poisoned.
You hit the kobold but do no damage.
The kobold begins to glow.
You feel sick. The bat barely misses you. x2
The kobold hits you with a +0 whip of venom.
Ouch! That really hurt!
* * * LOW HITPOINT WARNING * * *
You are more poisoned.
You take 7 damage, and have 2/9 hp.
MASSIVE DAMAGE!!
You hit the kobold.
The kobold glows dangerously bright.
The kobold is moderately wounded.
You die...

#########.. ..........#
..........# ..........#
..........# ...g......#
..... ......b.)# ##.8.8.
......Kp.# #.....
.........### #8... ##
...........####..###..#<
.#########†.##...#B#..#.
##.##8..#h#..#.
#......#D#..#.
####8..#l#..#.
#...#w#..#. ##..###..#.


You could see a goblin, a bat and a kobold (heavy contam).

Vanquished Creatures
  A goblin (D:1)
  A rat (D:1)
2 creatures vanquished.

Notes
Turn   | Place    | Note
-------+----------+-------------------------------------------
     0 | D:1      | Psyclone the Draconian Shapeshifter began the quest for the
                  | Orb.
     0 | D:1      | Reached XP level 1. HP: 16/16 MP: 1/1
     6 | D:1      | Noticed a swamp worm
     7 | D:1      | Noticed a komodo dragon
     7 | D:1      | Noticed a seven-headed hydra
    44 | D:1      | Succumbed to a kobold's poison

Illustrated notes

Levels and vault maps discovered:
D:1:      onia_arrival_zoo_common, layout_basic,
          shapermc_ecumenical_altar_acropolis

Action                     || total
---------------------------++-------
  Melee: Unarmed           ||     8
 Armour: Skin              ||     6
  Dodge: Dodged            ||     8
   Form: Flux              ||     1

Table legend: (Time is in decaauts)
 A = Elapsed time spent in this place.
 B = Non-inter-level travel time spent in this place.
 C = Inter-level travel time spent in this place.
 D = Time resting spent in this place.
 E = Time spent auto-exploring this place.
 F = Levels seen in this place.
 G = Mean time per level.
                   A        B        C        D        E       F      G
               +--------+--------+--------+--------+--------+-----+--------+
         Total |     44 |     44 |      0 |      0 |     25 |   1 |   44.0 |
       Dungeon |     44 |     44 |      0 |      0 |     25 |   1 |   44.0 |
               +--------+--------+--------+--------+--------+-----+--------+

Top non-repeatable levels by time:
     D:1: 44 daAuts
